Map: Port Aleksander LE

Players

Piroxiljin

  • Race: Terran Terran
  • Spawn Location: 11:00

VOD

Have the link to the VOD?

Description

Time

  • Played on: Feb. 4, 2019, 10:15 a.m.
  • Length: 43:12
Show
View Real Time Build Order
Export as new Build Order

Piroxiljin Terran 

Build Orders:  

Get SALT Encoding   

  12  0:01  SCV  
  3  0:20  SCV  
  14  0:31  Supply Depot  
  14  0:36  SCV  
  15  1:01  SCV  
  15  1:06  Barracks  
  16  1:16  Refinery  
  16  1:18  SCV  
  17  1:35  SCV  
  18  2:01  SCV, Supply Depot  
  19  2:17  Marine  
  20  2:43  Barracks Tech Lab  
  20  3:04  Orbital Command  
  20  3:05  Refinery  
  20  3:14  Factory  
  20  3:18  Marauder  
  22  3:57  SCV  
  23  4:25  Factory  
  23  4:27  Barracks Tech Lab  
  23  4:42  SCV  
  24  4:54  Siege Tank  
  24  4:59  SCV  
  28  5:08  Concussive Shells  
  28  5:16  SCV, Marauder, Siege Tank  
  31  5:33  Supply Depot  
  31  5:44  SCV  
  32  6:14  Siege Tank  
  35  6:32  Engineering Bay  
  35  6:34  Barracks Tech Lab  
  35  6:40  Supply Depot  
  35  6:48  Cyclone  
  35  6:49  Command Center  
  38  6:59  Siege Tank  
  41  7:15  Marauder  
  43  7:30  Siege Tank  
  43  7:31  Siege Tank x2  
  43  7:38  Armory  
  43  7:51  Cyclone  
  46  8:31  Command Center  
  46  8:32  Siege Tank x3  
  46  9:14  Siege Tank  
  46  9:15  Siege Tank x2  
  46  9:25  Cyclone  
  46  9:26  Cyclone  
  45  10:10  Siege Tank  
  45  10:50  Siege Tank  
  45  10:55  Siege Tank  
  51  11:01  SCV  
  52  11:10  Orbital Command  
  52  11:18  SCV  
  52  11:19  Refinery  
  53  11:34  SCV  
  53  11:35  Siege Tank  
  53  11:37  Orbital Command  
  57  11:44  Siege Tank  
  57  11:46  SCV  
  57  11:49  Refinery  
  58  11:51  SCV, Refinery  
  59  12:03  SCV  
  59  12:08  SCV  
  61  12:20  SCV  
  61  12:24  Missile Turret  
  62  12:39  SCV  
  57  12:56  SCV  
  47  13:12  Thor  
  47  13:13  SCV, Thor  
  47  13:57  Marine  
  45  14:12  Thor  
  45  14:13  Siege Tank  
  45  14:16  SCV  
  55  14:22  Marine  
  55  14:27  Siege Tank  
  56  14:33  SCV  
  57  14:46  Supply Depot  
  57  14:47  Marine  
  58  14:50  SCV, Supply Depot  
  58  14:52  Terran Vehicle Weapons Level 1  
  58  14:55  Supply Depot  
  58  14:58  Siege Tank  
  58  14:59  Armory  
  62  15:07  SCV  
  63  15:12  Marine  
  64  15:24  SCV  
  65  15:35  Missile Turret  
  65  15:37  Marauder  
  67  15:41  SCV  
  68  15:54  Factory  
  68  15:57  Terran Infantry Weapons Level 1  
  68  15:58  SCV  
  69  16:03  SCV  
  69  16:07  Marauder  
  72  16:10  Cyclone  
  72  16:15  SCV  
  76  16:20  SCV  
  77  16:32  SCV  
  77  16:37  SCV, Marauder  
  81  16:49  SCV  
  82  16:57  Missile Turret  
  82  17:06  SCV  
  82  17:07  Marauder  
  85  17:13  SCV  
  86  17:23  SCV  
  87  17:30  SCV  
  87  17:31  Terran Ship Weapons Level 1  
  87  17:39  SCV, Command Center  
  88  17:44  Supply Depot  
  88  17:47  SCV  
  88  17:48  Supply Depot  
  88  17:49  Terran Vehicle And Ship Armor Level 1  
  90  17:51  Unknown  
  90  17:56  SCV  
  91  18:04  SCV  
  92  18:13  Factory Tech Lab  
  92  18:21  SCV  
  92  18:27  Factory  
  92  18:29  Starport  
  93  18:37  Terran Infantry Armor Level 1  
  93  18:40  SCV x2  
  93  18:43  Marauder  
  93  18:44  Siege Tank x2  
  103  19:12  Marauder  
  105  19:28  Planetary Fortress  
  105  19:34  SCV  
  106  19:43  Supply Depot  
  106  19:44  Supply Depot  
  106  19:47  Supply Depot x2  
  106  19:51  SCV  
  107  20:13  Unknown  
  107  20:31  SCV  
  107  20:39  Refinery  
  108  20:45  SCV  
  108  20:48  SCV  
  110  21:02  SCV  
  110  21:03  Factory  
  110  21:05  SCV  
  110  21:09  Missile Turret  
  112  21:10  Terran Vehicle Weapons Level 2  
  112  21:13  Terran Vehicle And Ship Armor Level 2  
  112  21:16  Factory Tech Lab  
  112  21:19  SCV  
  113  21:22  SCV  
  113  21:29  Siege Tank, Thor x2  
  129  21:33  Medivac  
  129  21:39  SCV  
  132  21:48  SCV  
  133  22:05  SCV  
  133  22:09  Refinery  
  134  22:10  SCV  
  134  22:14  Siege Tank  
  134  22:15  Viking  
  140  22:26  Sensor Tower  
  140  22:27  SCV  
  141  22:41  Factory Tech Lab  
  141  22:44  SCV  
  142  23:15  Thor x2  
  142  23:16  Thor  
  142  23:19  Marine  
  132  23:40  Missile Turret  
  132  23:44  Marine  
  133  23:59  Barracks  
  133  24:04  SCV  
  133  24:06  Barracks  
  133  24:07  Barracks  
  133  24:09  Marine  
  135  24:21  SCV  
  136  24:30  Missile Turret  
  136  24:34  Marine  
  136  24:38  SCV  
  138  24:41  Viking  
  140  24:51  Thor x2  
  140  24:59  Marine  
  153  25:06  Supply Depot x2  
  153  25:08  Supply Depot  
  153  25:09  Supply Depot x2  
  153  25:11  Supply Depot  
  153  25:12  Supply Depot  
  153  25:13  Supply Depot x2  
  153  25:35  Siege Tank x3  
  153  25:36  Siege Tank, Thor  
  153  25:38  Ghost Academy  
  159  25:47  Terran Vehicle Weapons Level 3  
  159  25:51  Fusion Core  
  159  26:19  Sensor Tower  
  159  26:40  Widow Mine x2  
  125  27:35  Thor  
  125  27:36  Missile Turret, Siege Tank, Thor x2  
  146  27:51  Starport Reactor  
  146  27:55  Barracks Reactor  
  146  27:58  Barracks Tech Lab  
  146  28:00  Barracks Tech Lab  
  146  28:57  Command Center  
  146  29:03  Starport  
  146  29:08  Starport  
  146  29:26  Marine  
  146  29:27  Marine x4  
  151  29:37  Thor x3  
  169  29:48  Drilling Claws  
  169  29:51  Marine x2  
  169  29:52  Marine x3  
  174  30:12  Missile Turret  
  174  30:16  Marine x2  
  174  30:17  Marine x3  
  179  30:41  Missile Turret, Marine x2  
  179  30:42  Marine x3  
  179  30:43  Starport  
  184  31:06  Marine  
  184  31:07  Marine  
  186  31:18  Factory Tech Lab  
  186  31:21  Planetary Fortress  
  186  31:42  Refinery  
  186  31:44  Refinery  
  186  31:45  Siege Tank  
  171  32:35  Cyclone  
  171  32:36  Cyclone  
  177  32:42  Starport Tech Lab  
  177  32:44  Starport Tech Lab  
  177  33:09  SCV  
  178  33:26  SCV  
  179  33:43  SCV  
  154  34:09  Thor x3  
  160  34:11  Battlecruiser x2  
  142  34:21  Marine  
  142  34:22  Marine x4  
  142  34:27  Cyclone x2  
  135  34:46  Marine  
  135  34:47  Marine x4  
  140  35:05  Terran Ship Weapons Level 2  
  140  35:09  Cyclone  
  143  35:11  Marine x2  
  143  35:12  Marine x3  
  148  35:25  Terran Vehicle And Ship Armor Level 3  
  148  35:36  Marine x2  
  150  35:41  Raven, Battlecruiser  
  158  36:11  Command Center  
  158  36:19  Thor  
  164  36:31  Terran Infantry Weapons Level 2  
  164  36:32  Marine  
  164  36:33  Marine x4  
  169  36:50  Weapon Refit  
  169  36:57  Marine  
  169  36:58  Marine x4  
  174  37:04  Refinery  
  174  37:05  Missile Turret  
  174  37:09  Missile Turret  
  174  37:10  Refinery  
  174  37:14  Missile Turret  
  174  37:17  Missile Turret  
  174  37:22  Marine x2  
  174  37:23  Marine x3  
  170  37:47  Marine x2  
  170  37:48  Marine  
  72  38:51  Marine x4  
  72  38:52  Marine  
  72  38:54  Thor x3  
  72  38:56  Battlecruiser x2  
  106  39:16  Marine  
  91  39:44  Ghost x2  
  95  39:50  Marine  
  95  39:51  Marine x2  
  96  40:15  Marine x2  
  96  40:16  Marine  
  96  40:23  Marine  
  96  40:24  Marine  
  64  41:06  Marine  
  64  41:09  Siege Tank  
  47  41:28  Missile Turret  
  41  41:30  Missile Turret  
  41  41:33  Missile Turret  
  41  41:36  Missile Turret  
  41  41:38  Missile Turret  
  23  41:52  Missile Turret  
  17  42:25  Command Center  
  17  42:34  Missile Turret  
  17  42:36  Marine  
Tags
 
Add a new tag
Caveats
  • Supply blocks, unpowered buildings, or Contaminate may cause inaccurate times.
  • Supply counts are checked every 10 seconds.